 BcadrenCrawl: Boulder Brew version 0.03.3.1-31-gd4c2611de9 (webtiles) character file.

Game seed: 8466518531634031429, levelgen mode: deterministic

78 Chiseanne the Ducker (level 4, -10/31 HPs) Goblin Demonspawn. Began on Mar 19, 2021. Splashed by a jelly's acid (11 damage) ... on level 2 of the Dungeon. The game lasted 00:02:08 (562 turns).

Chiseanne the Ducker (Goblin Demonspawn)             Turns: 562, Time: 00:02:09

Health: -10/31     AC: -3    Str:  8    XL:     4 ^: 27
Magic:  5/5        EV: 14    Int:  6    God:
Gold:   69         SH:  0    Dex:  6    Spells: 2/5 levels left

rFire    . . .     Vision   .   a - +1 rapier
rCold    . . .     Gourm    .   c - +0 short sword
rNeg     . . .     Faith    .   b - +0 leather armour
rPois    .         Spirit   .   (helmet restricted)
rElec    .         Reflect  .   k - +0 cloak
rCorr    .         Harm     .   (no gloves)
MR       .....                  (no boots)
Stlth    +.........             (no amulet)
HPRegen  0.20/turn              (no ring)
MPRegen  0.15/turn              (no ring)

@: corroded, studying Translocations
A: small, stagnant stats, goblin's greed, horns 1, demonic guardian 1, low mp 1,
mutation resistance 1, god's pity 2
a: no special abilities


You were on level 2 of the Dungeon.
You were not hungry.

You visited 1 branch of the dungeon, and saw 2 of its levels.

You collected 57 gold pieces.

Inventory:

Weapons
 a - a +1 rapier (weapon)
 c - a +0 short sword (weapon)
Armour
 b - a +0 leather armour (worn)
 k - a +0 cloak (worn)
Jewellery
 f - an uncursed ring of fire
Potions
 e - 2 potions of heal wounds
 i - a potion of resistance
 j - 2 potions of agility
 l - a potion of curing
Miscellaneous
 m - a lightning rod (4/4)
Comestibles
 d - 2 rations
 g - 3 chunks of flesh


   Skills:
 * Level 3.2 Fighting
 - Level 2.6 Short Blades
 + Level 1.7 Armour
 * Level 5.1 Dodging
 - Level 2.6 Stealth
 - Level 1.3 Spellcasting
 * Level 0.0 Translocations
 - Level 2.6 Fire Magic
   Level 4.0 Invocations


You had 2 spell levels left.
You knew the following spells:

 Your Spells              Type           Power        Failure   Level  Hunger
a - Flame Tongue          Fire           3 (30)       17%         1    ##.....
b - Blink                 Tloc           N/A          61%         2    ###....

Your spell library contained the following spells:

 Spells                   Type           Power        Failure   Level  Hunger
 Call Imp                 Summ           0 (100)      61%         2    ###....
 Slow                     Hex            0 (100)      61%         2    ###....
 Conjure Flame            Fire           3 (100)      45%         3    ####...
 Mephitic Cloud           Pois/Air       0 (100)      83%         3    ####...


Dungeon Overview and Level Annotations

Branches:
Dungeon (2/8)

Altars:


Innate Abilities, Weirdness & Mutations

Your stats never grow through leveling.
Your goblin ancestry allows you to find more gold. (+20%)
You are small and have problems with some larger weapons.
You have a pair of small horns on your head.
A weak demonic guardian rushes to your aid.
Your magical capacity is low. (-10% MP)
You are somewhat resistant to further mutation.
The pity of the gods increases the power of your passive and invoked divine abilities.


Message History

A jelly comes into view.
You enter the shallow water.
Moving in this stuff is going to be slow.
The jelly quivers.
The jelly misses you (0). The jelly hits you but does no damage.
You hit the jelly (6). The acid corrodes you!
Your hands burn (1).
You hit the jelly (3).
Your hands burn (4).
The jelly closely misses you (0). x2
The jelly splashes around in the water.
The jelly barely misses you (0).
You hit the jelly (2).
Your hands burn (2).
You hit the jelly (3).
Your hands burn (5).
The jelly splashes around in the water.
The jelly hits you (2). The acid corrodes you!
You are splashed with acid (8)!
You hit the jelly but do no damage.
Your hands burn (5).
* * * LOW HITPOINT WARNING * * *
You hit the jelly but do no damage.
Your hands burn (2).
* * * LOW HITPOINT WARNING * * *
The jelly hits you (3).
* * * LOW HITPOINT WARNING * * *
You are splashed with acid (11)!
You die...

##################
#..≈≈≈..@..≈..≈≈..
..###≈J##..###..
##≈#≈≈.≈# #.##≈.##
≈≈##..≈# ≈###≈..##
≈# ##.<≈# .≈
#..### ## ##.≈


You could see a jelly.

Vanquished Creatures
  3 giant cockroaches (D:1)
  A cinder newt (D:1)
  A dart slug (D:1)
  4 goblins (D:1)
  7 hobgoblins (D:1)
  A bat (D:1)
  5 kobolds (D:1)
  5 rats (D:1)
  A plant (D:1)
28 creatures vanquished.

Vanquished Creatures (others)
  4 withered plants (D:2)
4 creatures vanquished.

Grand Total: 32 creatures vanquished

Notes
Turn   | Place    | Note
-------+----------+-------------------------------------------
     0 | D:1      | Chiseanne the Goblin Demonspawn began the quest for the
                  | Orb.
     0 | D:1      | Reached XP level 1. HP: 13/13 MP: 2/2
   128 | D:1      | Gained mutation: You have a pair of small horns on your
                  | head. [demonic ancestry]
   128 | D:1      | Reached XP level 2. HP: 19/19 MP: 3/3
   140 | D:1      | Reached skill level 1 in Armour
   140 | D:1      | Reached XP level 3. HP: 22/25 MP: 4/4
   195 | D:1      | Gained mutation: A weak demonic guardian rushes to your
                  | aid. [demonic ancestry]
   195 | D:1      | Reached XP level 4. HP: 28/30 MP: 5/5
   251 | D:1      | Reached skill level 5 in Dodging
   533 | D:1      | Learned a level 2 spell: Blink
   562 | D:2      | HP: 1/31 [jelly (3)]
   562 | D:2      | Splashed by a jelly's acid

Levels and vault maps discovered:
D:1:      tarquinn_simple_flora_water_a, layout_rooms
D:2:      layout_sewer, serial_shops, nicolae_shop_behind_doors, basic_altar,
          uniq_natasha

Skill      XL: |  1  2  3  4 |
---------------+-------------+-----
Fighting       | 2 3 |  3.2
Armour         | 1 |  1.7
Dodging        | 5 |  5.1
Short Blades   | |  2.6
Stealth        | |  2.6
Spellcasting   | |  1.3
Fire Magic     | |  2.6
Invocations    | |  4.0

Action                   |  1- 3 |  4- 6 || total
-------------------------+-------+-------++-------
Melee: Rapier            |    29 |    22 ||    51
       Dagger            |     4 |       ||     4
       Short sword       |    12 |    13 ||    25
  Use: Scroll            |       |     1 ||     1
Armor: Leather armour    |     5 |     4 ||     9
Dodge: Dodged            |    28 |    23 ||    51
